 Dungeon Crawl Stone Soup version 0.27.1-33-g824d729ab1 (webtiles) character file.

Game seed: 7024169735188607592

74 dianekeaton the Chopper (level 4, -1/39 HPs)
             Began as a Hill Orc Fighter on Dec 9, 2021.
             Slain by a gnoll (6 damage)
             ... on level 2 of the Dungeon.
             The game lasted 00:02:37 (1186 turns).

dianekeaton the Chopper (Hill Orc Fighter)          Turns: 1186, Time: 00:02:37

Health: -1/39      AC:  6    Str: 19    XL:     4   Next: 30%
Magic:  4/4        EV:  7    Int:  8    God:
Gold:   50         SH:  9    Dex: 10    Spells: 3/3 levels left

rFire    . . .     SeeInvis .   a - +0 war axe
rCold    . . .     Faith    .   c - +0 kite shield
rNeg     . . .     Spirit   .   b - +0 scale mail
rPois    .         Reflect  .   (no helmet)
rElec    .         Harm     .   (no cloak)
rCorr    .         Rampage  .   (no gloves)
Will     .....                  (no boots)
Stlth    ..........             (no amulet)
HPRegen  0.13/turn              (no ring)
MPRegen  0.09/turn              (no ring)

@: no status effects
A: no striking features
a: no special abilities


You were on level 2 of the Dungeon.
You visited 1 branch of the dungeon, and saw 2 of its levels.

You collected 50 gold pieces.

Inventory:

Hand Weapons
 a - a +0 war axe (weapon)
Armour
 b - a +0 scale mail (worn)
 c - a +0 kite shield (worn)
Scrolls
 e - a scroll of magic mapping {unknown}
 h - a scroll of noise {unknown}
 i - a scroll of identify {unknown}
Potions
 d - a potion of might
 f - 3 potions of haste {unknown}
 g - a potion of ambrosia {unknown}
 j - a potion of curing {unknown}


   Skills:
 - Level 3.6 Fighting
 + Level 5.6 Axes
 - Level 3.2 Armour
 + Level 0.8 Dodging
 - Level 3.2 Shields


You had 3 spell levels left.
You didn't know any spells.
Your spell library contained the following spells:

 Spells                   Type           Power      Damage    Failure   Level
 Alistair's Intoxication  Tmut/Pois      0%         N/A       100%        5
 Borgnjor's Vile Clutch   Necr/Erth      0%         N/A       100%        5
 Eringya's Noxious Bog    Tmut/Pois      0%         N/A       100%        6


Dungeon Overview and Level Annotations

Branches:
Dungeon (2/15)

Altars:


Message History

A gnoll comes into view. It is wielding a +0 club.
The gnoll shouts!
You hear a shout!
A gnoll comes into view. It is wielding a +0 halberd.
A gnoll comes into view. It is wielding a +0 club.
You barely miss the gnoll.
The gnoll shouts! x2
You block the gnoll's attack.
A gnoll comes into view. It is wielding a +0 spear.
The gnoll hits you with a +0 club.
You hit the gnoll.
The gnoll is lightly wounded.
The gnoll hits you but does no damage.
You slash the gnoll!
You kill the gnoll!
You block the gnoll's attack.
You see here a +0 club.
You slash the gnoll!
The gnoll is heavily wounded.
The gnoll barely misses you.
The gnoll hits you from afar with a +0 spear.
You block the gnoll's attack.
The gnoll hits you from afar with a +0 spear.
You barely miss the gnoll.
The gnoll is heavily wounded.
You block the gnoll's attack. The gnoll hits you but does no damage.
The gnoll hits you with a +0 club.
You barely miss the gnoll.
The gnoll is heavily wounded.
The gnoll hits you from afar with a +0 spear!
The gnoll closely misses you. The gnoll hits you with a +0 club.
You block the gnoll's attack.
You hit the gnoll.
The gnoll is severely wounded.
The gnoll hits you from afar with a +0 halberd!
* * * LOW HITPOINT WARNING * * *
The gnoll hits you with a +0 club.
* * * LOW HITPOINT WARNING * * *
The gnoll closely misses you.
The gnoll hits you from afar with a +0 halberd.
You die...

.. #. #.#.# .# #...
#.#.# .#.#...
#.#.##.#.....
#.#.#........ #
###.#........#
#.#......gg....#
##.#.#...#)# #
+........g@# #.
##.#.#.##### +..
+....#..#####..
#...##.#..........#
#......#.##..####.#
#....8.#.##..#
#.....######
+##.##....## #
#..8†<#


You could see 3 gnolls.

Vanquished Creatures
  Robin (D:1)
  A gnoll (D:2)
  3 dart slugs
  4 bats (D:1)
  3 endoplasms (D:1)
  3 giant cockroaches (D:1)
  14 goblins
  4 hobgoblins
  A kobold (D:1)
  A quokka (D:1)
  3 ball pythons
  5 rats (D:1)
43 creatures vanquished.

Notes
Turn   | Place    | Note
-------+----------+-------------------------------------------
     0 | D:1      | dianekeaton the Hill Orc Fighter began the quest for the
                  | Orb.
     0 | D:1      | Reached XP level 1. HP: 19/19 MP: 1/1
    46 | D:1      | Reached skill level 3 in Axes
    78 | D:1      | Reached XP level 2. HP: 20/26 MP: 2/2
    88 | D:1      | Reached skill level 4 in Axes
   380 | D:1      | Reached XP level 3. HP: 30/31 MP: 3/3
   449 | D:1      | Found a faded altar of an unknown god.
   692 | D:2      | Noticed Robin
   859 | D:1      | Reached skill level 5 in Axes
   865 | D:1      | Killed Robin
  1082 | D:2      | Reached XP level 4. HP: 34/39 MP: 4/4
  1186 | D:2      | Slain by a gnoll

Illustrated notes

Levels and vault maps discovered:
D:1:      kennysheep_arrival_forest, layout_rooms,
          chequers_ecumenical_altar_simple_redux, chequers_mini_garden,
          minmay_tromino_v2
D:2:      layout_basic, grunt_ministairs_4, uniq_natasha,
          uniq_crazy_yiuf_cottage, uniq_robin

Skill      XL: |  1  2  3 |
---------------+----------+-----
Axes           | 3 4 5 |  5.6
Fighting       | |  3.6
Armour         | |  3.2
Dodging        | |  0.8
Shields        | |  3.2

Action                   |  1- 3 |  4- 6 || total
-------------------------+-------+-------++-------
Melee: War axe           |    78 |    14 ||    92
Armor: Scale mail        |    42 |     4 ||    46
Dodge: Dodged            |    32 |     5 ||    37
Block: Kite shield       |    56 |     6 ||    62
